 Dungeon Crawl Stone Soup version 0.29-a0-1047-g7c58e119a4 (webtiles) character file.

Game seed: 16766964445862339420

17108 ytrimaz the Martial Artist (level 12, -16/84 HPs)
             Began as a Demonspawn Transmuter on Aug 16, 2022.
             Was an Initiate of Gozag.
             Demolished by a boulder beetle (19 damage)
             ... on level 12 of the Dungeon.
             The game lasted 00:24:33 (21067 turns).

ytrimaz the Martial Artist (Demonspawn Transmuter) Turns: 21067, Time: 00:24:34

Health: -16/84     AC:  2    Str: 13    XL:     12   Next: 16%
Magic:  0/26       EV: 23    Int: 18    God:    Gozag
Gold:   674        SH:  0    Dex: 18    Spells: 22/31 levels left

rFire   . . .      SeeInvis .     - Unarmed
rCold   . . .      Faith    .   (shield currently unavailable)
rNeg    . . .      Spirit   +   (body armour currently unavailable)
rPois   .          Reflect  .   (helmet currently unavailable)
rElec   .          Harm     .   (cloak unavailable)
rCorr   +          Rampage  .   (gloves currently unavailable)
Will    .....                   (boots currently unavailable)
Stlth   ++........              (no amulet)
HPRegen 0.24/turn               e - ring of resist corrosion
MPRegen 0.40/turn               f - ring of poison resistance

@: spider-form
A: venomous fangs, tiny, (horns 1), demonic guardian 1, magic shield, magic
regeneration, (weakness stinger 3), (demonic touch 1)
a: End Transformation, Renounce Religion, Potion Petition, Call Merchant, Bribe
Branch


You were on level 12 of the Dungeon.
You worshipped Gozag.
Gozag was pleased with you.
You were a venomous arachnid creature.
You visited 2 branches of the dungeon, and saw 13 of its levels.

You collected 2790 gold pieces.
You paid 2116 gold pieces to Gozag.

Inventory:

Armour
 g - a +0 pair of gloves (melded)
 t - the +6 leather armour "Esapoti" (melded) {Dex+4}
   (You found it on level 6 of the Dungeon)

   Dex:       It affects your dexterity (+4).
 y - a +0 pair of boots (melded)
Jewellery
 e - a ring of resist corrosion (left front leg)
 f - a ring of poison resistance (right front leg)
 s - a ring of protection from fire
 u - a ring of fire
 A - a ring of positive energy
Wands
 a - a wand of quicksilver (5)
 d - a wand of paralysis (25)
 m - a wand of flame (14)
Scrolls
 b - 2 scrolls of poison
 i - 3 scrolls of vulnerability
 j - a scroll of silence
 r - 2 scrolls of enchant armour
 z - 2 scrolls of identify
Potions
 c - a potion of flight
 h - a potion of cancellation
 k - a potion of curing
 l - 3 potions of brilliance
 n - 10 potions of ambrosia
 o - 2 potions of berserk rage
 p - 3 potions of attraction
 q - 2 potions of mutation
 v - a potion of might
 w - a potion of haste
 x - a potion of lignification


   Skills:
 + Level 4.5 Fighting
 - Level 1.0(1.1) Short Blades
 - Level 0.9(1.1) Long Blades
 - Level 0.9(1.3) Axes
 - Level 0.9(1.3) Maces & Flails
 - Level 0.7(1.2) Polearms
 - Level 0.9(1.3) Staves
 - Level 1.0 Ranged Weapons
 - Level 0.7 Throwing
 + Level 6.2 Dodging
 - Level 1.0 Shields
 - Level 10.0 Unarmed Combat
 - Level 10.0 Spellcasting
 + Level 1.0 Conjurations
 + Level 0.9 Hexes
 + Level 0.9 Summonings
 - Level 1.0 Necromancy
 - Level 0.7 Translocations
 - Level 8.0 Transmutations
 - Level 0.8 Fire Magic
 - Level 1.0 Ice Magic
 - Level 0.9 Air Magic
 - Level 1.1 Earth Magic
 - Level 4.0 Poison Magic
 - Level 1.5 Invocations


You had 22 spell levels left.
You knew the following spells:

 Your Spells              Type           Power      Damage    Failure   Level
a - Ice Form              Ice/Tmut       25%        N/A       28%         4
b - Wereblood             Tmut           37%        N/A       3%          2
c - Spider Form           Tmut/Pois      30%        N/A       8%          3

Your spell library contained the following spells:

 Spells                   Type           Power      Damage    Failure   Level
 Beastly Appendage        Tmut           74%        N/A       2%          1
 Passwall                 Tmut/Erth      20%        N/A       8%          2
 Sandblast                Erth           26%        2d8       14%         1
 Magic Dart               Conj           48%        1d5       16%         1
 Ensorcelled Hibernation  Hex/Ice        24%        N/A       21%         2
 Call Imp                 Summ           12%        N/A       22%         2
 Mephitic Cloud           Conj/Pois/Air  16%        N/A       26%         3
 Confusing Touch          Hex            12%        N/A       34%         3
 Stone Arrow              Conj/Erth      24%        3d8       34%         3
 Swiftness                Air            12%        N/A       34%         3
 Gell's Gravitas          Tloc           11%        N/A       36%         3
 Teleport Other           Tloc           11%        N/A       36%         3
 Yara's Violent Unravell  Hex/Tmut       12%        3d7       56%         5
 Dispersal                Tloc           5%         N/A       100%        6
 Enfeeble                 Hex            6%         N/A       100%        7


Dungeon Overview and Level Annotations

Branches:
Dungeon (12/15)            Temple (1/1) D:7            Lair (0/5) D:10
    Orc (0/2) D:11

Altars:
Ashenzari
Cheibriados
Dithmenos
Fedhas
Gozag
Hepliaklqana
Kikubaaqudgha
Makhleb
Nemelex Xobeh
Okawaru
Qazlal
Ru
Sif Muna
Trog
Uskayaw
Vehumet
Wu Jian
Xom
Yredelemnul

Shops:
D:7 !

Annotations:
D:7 3 runed translucent doors, Snarg's ghost, novice SpCj


Innate Abilities, Weirdness & Mutations

You are a venomous arachnid creature.
You have poisonous fangs.
You are tiny and dextrous.
Your spellcasting is less reliable in this form.
Your armour is entirely melded.
You are incapable of wielding weapons or throwing items.
((You have a pair of small horns on your head.))
A weak demonic guardian rushes to your aid.
When hurt, damage is shared between your health and your magic reserves.
You regenerate magic rapidly.
((You have a sharp stinger which inflicts weakening toxins.))
((Your touch may inflict minor irresistible damage on your foes.))


Message History

The boulder beetle looks as sick as possible!
The boulder beetle is lightly wounded.
The boulder beetle bites you!
A shadow comes into view.
You hit the boulder beetle but do no damage.
The boulder beetle is lightly wounded.
Your ufetubus hits the boulder beetle.
Your ufetubus completely misses the boulder beetle.
The shadow slips into darkness.
The shadow flickers and vanishes!
Deactivating autopickup; reactivate with Ctrl-A.
The boulder beetle barely misses you.
You hit the boulder beetle.
The boulder beetle is moderately wounded.
Your ufetubus hits the boulder beetle but does no damage. x2
The boulder beetle bites your ufetubus!
Your ufetubus dies!
Your ufetubus disappears in a puff of smoke!
You hit the boulder beetle.
The boulder beetle looks as sick as possible!
The boulder beetle is heavily wounded.
You hit the boulder beetle but do no damage.
The boulder beetle looks as sick as possible!
The boulder beetle is heavily wounded.
The boulder beetle barely misses you.
The shadow strikes at you from the darkness!
Reactivating autopickup.
Unknown command.
You hit the boulder beetle but do no damage.
The boulder beetle looks as sick as possible!
The boulder beetle is heavily wounded.
The boulder beetle bites you!!
* * * LOW HITPOINT WARNING * * *
The shadow barely misses you.
Unknown command.
You hit the boulder beetle but do no damage.
The boulder beetle is heavily wounded.
The boulder beetle bites you!!
You die...
Your body crumbles into a pile of gold.

#.## ###+### #.#
####.#######
#..........#
#..........# ..
#^...!.....# ...
#..........# #....
#..........#......
#........BsW.#
#.....<....###
#######.#### #.#
#.# #.# #.. ##+


You could see a boulder beetle (extremely poisoned) and a shadow.

Vanquished Creatures
  2 boulder beetles
  Erica (D:11)
  2 centaur warriors (D:10)
  A two-headed ogre (D:10)
  A cyclops (D:11)
  A guardian serpent (D:11)
  Joseph (D:9)
  A gargoyle (D:12)
  6 trolls
  A queen bee (D:11)
  Grinder (D:5)
  A vampire (D:12)
  2 wraiths
  A wyvern (D:10)
  15 yaks (D:10)
  Grum (D:11)
  A steam dragon (D:7)
  3 vampire mosquitoes (D:11)
  Menkaure (D:5)
  An acid dragon (D:9)
  A warg (D:11)
  3 water moccasins
  4 orc warriors
  2 black bears
  3 ice beasts
  2 sky beasts
  4 wolves
  9 centaurs
  A kobold brigand (D:7)
  2 phantoms
  A bullfrog (D:6)
  A gnoll sergeant (D:4)
  11 wights
  27 killer bees
  2 electric eels (D:10)
  9 hounds
  2 jellies
  6 orc priests
  Ijyb (D:4)
  An iguana (D:4)
  6 orc wizards
  11 gnolls
  8 adders
  2 shadow imps
  2 white imps (D:6)
  2 ufetubi
  4 worms
  4 dart slugs
  25 orcs
  3 bats
  8 endoplasms
  A giant cockroach (D:4)
  15 goblins
  6 hobgoblins
  4 jackals (D:1)
  9 kobolds
  3 ball pythons
  3 frilled lizards
  9 rats
261 creatures vanquished.

Vanquished Creatures (collateral kills)
  A kobold demonologist (D:11)
  Eustachio (D:4)
  2 vampire mosquitoes (D:11)
  A steam dragon (D:8)
  3 wargs (D:11)
  A phantom (D:6)
  A wight (D:10)
  2 electric eels
  A hobgoblin (D:4)
13 creatures vanquished.

Vanquished Creatures (others)
  2 orcs
  14 plants
16 creatures vanquished.

Grand Total: 290 creatures vanquished

Notes
Turn   | Place    | Note
-------+----------+-------------------------------------------
     0 | D:1      | ytrimaz the Demonspawn Transmuter began the quest for the
                  | Orb.
     0 | D:1      | Reached XP level 1. HP: 15/15 MP: 3/3
   331 | D:1      | Gained mutation: You regenerate magic rapidly. [demonic
                  | ancestry]
   331 | D:1      | Reached XP level 2. HP: 21/21 MP: 3/5
  1515 | D:2      | Identified the +6 dagger "Killer Klown's Doom" {protect,
                  | rC+++ Str-4 Int+3}
  1588 | D:2      | Found a faded altar of an unknown god.
  1592 | D:2      | Learned a level 2 spell: Wereblood
  1606 | D:2      | Reached XP level 3. HP: 10/26 MP: 6/6
  2458 | D:2      | Learned a level 3 spell: Spider Form
  2877 | D:3      | Discovered your monstrous ancestry.
  2877 | D:3      | Mutation became permanent: You have a pair of small horns
                  | on your head. [demonic ancestry]
  2877 | D:3      | Gained mutation: You have a pair of horns on your head.
                  | [demonic ancestry]
  2877 | D:3      | Reached XP level 4. HP: 32/32 MP: 7/7
  3227 | D:3      | Found a snail-covered altar of Cheibriados.
  3856 | D:4      | Noticed Ijyb
  3866 | D:4      | Killed Ijyb
  3867 | D:4      | Reached skill level 5 in Unarmed Combat
  3867 | D:4      | Reached skill level 1 in Poison Magic
  3867 | D:4      | Gained mutation: A weak demonic guardian rushes to your
                  | aid. [demonic ancestry]
  3867 | D:4      | Reached XP level 5. HP: 22/37 MP: 8/8
  4419 | D:4      | Noticed Eustachio
  4489 | D:4      | Killed Eustachio
  4490 | D:4      | Gained mutation: When hurt, damage is shared between your
                  | health and your magic reserves. [demonic ancestry]
  4490 | D:4      | Reached XP level 6. HP: 24/43 MP: 9/9
  5205 | D:5      | Entered Level 5 of the Dungeon
  5470 | D:5      | Noticed Menkaure
  5485 | D:5      | Killed Menkaure
  5486 | D:5      | Gained mutation: You have a small tail. [demonic ancestry]
  5486 | D:5      | Reached XP level 7. HP: 10/48 MP: 2/10
  5746 | D:5      | Found an iron altar of Okawaru.
  6123 | D:5      | Noticed Grinder
  6142 | D:5      | Paralysed by Grinder for 5 turns
  6154 | D:5      | Paralysed by Grinder for 2 turns
  6162 | D:5      | Killed Grinder
  6643 | D:6      | Identified the +6 leather armour "Esapoti" {Dex+4}
  6651 | D:6      | Identified the +2 leather armour of the Harp {Harm rC+ rN+
                  | Int-5}
  7003 | D:6      | Learned a level 4 spell: Ice Form
  7012 | D:6      | Reached XP level 8. HP: 8/54 MP: 1/11
  8641 | D:6      | Reached skill level 10 in Unarmed Combat
  9074 | D:6      | Reached XP level 9. HP: 44/59 MP: 3/13
  9210 | D:6      | Found a radiant altar of Vehumet.
  9696 | D:7      | Found Ese Fahi's Distillery.
 10116 | D:7      | Found a runed translucent gate.
 10117 | D:7      | Found a runed translucent gate.
 10118 | D:7      | Found a runed translucent gate.
 10119 | D:7      | Noticed Snarg's ghost (novice SpCj)
 10638 | D:7      | Identified the +1 scale mail of Responsibility {Str+4}
 10776 | D:7      | Reached skill level 5 in Spellcasting
 10997 | D:7      | Found a staircase to the Ecumenical Temple.
 11017 | Temple   | Entered the Ecumenical Temple
 11132 | Temple   | Became a worshipper of Gozag Ym Sagoz the Greedy
 11377 | D:7      | Identified a scroll of acquirement
 11590 | D:7      | Reached skill level 5 in Transmutations
 12054 | D:8      | Identified the +1 robe of Wasted Space {Regen+ rCorr Str+3
                  | Int-5}
 12423 | D:9      | Noticed a troll
 12443 | D:9      | Gained mutation: You have a tail ending in a sharp stinger.
                  | [demonic ancestry]
 12443 | D:9      | Reached XP level 10. HP: 50/65 MP: 16/19
 13337 | D:9      | Noticed Joseph
 13358 | D:9      | Killed Joseph
 13781 | D:10     | Entered Level 10 of the Dungeon
 13977 | D:10     | Noticed a two-headed ogre
 14014 | D:10     | Killed a two-headed ogre
 14431 | D:10     | Found a shimmering blue altar of Sif Muna.
 14907 | D:10     | You fall into a shaft and drop 1 floor!
 14990 | D:10     | Acquired 740 gold pieces
 16143 | D:11     | Gained mutation: Your touch may inflict minor irresistible
                  | damage on your foes. [demonic ancestry]
 16143 | D:11     | Reached XP level 11. HP: 37/70 MP: 10/24
 16488 | D:11     | Noticed Erica
 16499 | D:11     | Killed Erica
 16781 | D:11     | Noticed Grum
 16800 | D:11     | Reached skill level 10 in Spellcasting
 16815 | D:11     | Killed Grum
 17143 | D:11     | Noticed a boulder beetle
 17274 | D:10     | Noticed a centaur warrior
 17284 | D:10     | Noticed a centaur warrior
 17292 | D:10     | Killed a centaur warrior
 17314 | D:10     | HP: 3/70 [centaur warrior (7)]
 17317 | D:10     | Killed a centaur warrior
 17318 | D:10     | Reached skill level 1 in Invocations
 17328 | D:10     | Noticed a boulder beetle
 17339 | D:10     | Killed a boulder beetle
 17340 | D:10     | Reached skill level 1 in Earth Magic
 17721 | D:10     | Reached skill level 1 in Ice Magic
 17727 | D:10     | Reached skill level 1 in Conjurations
 17727 | D:10     | Reached skill level 1 in Necromancy
 17738 | D:10     | Reached skill level 1 in Short Blades
 17738 | D:10     | Reached skill level 1 in Ranged Weapons
 17738 | D:10     | Reached skill level 1 in Shields
 18057 | D:10     | Found a hide-covered altar of Uskayaw.
 18131 | D:10     | Found a staircase to the Lair.
 18654 | D:11     | Killed a boulder beetle
 18689 | D:11     | Found a staircase to the Orcish Mines.
 19189 | D:11     | Reached skill level 5 in Dodging
 19224 | D:11     | Gained mutation: You have a sharp stinger which inflicts
                  | weakening toxins. [demonic ancestry]
 19224 | D:11     | Reached XP level 12. HP: 46/83 MP: 16/26
 20470 | D:12     | Noticed a boulder beetle
 21066 | D:12     | HP: 3/84 [boulder beetle (24)]
 21067 | D:12     | Demolished by a boulder beetle

Illustrated notes

Levels and vault maps discovered:
D:1:      dpeg_arrival_signposts, layout_loops_ring
D:2:      wander_river, layout_basic, ebering_ecumenical_altar_rust
D:3:      layout_basic, cheibriados_altar_1,
          mainiacjoe_overflow_small_starburst, minivault_4
D:4:      kennysheep_the_goblin_king, layout_loops_ring, minmay_misc_feat_alley,
          nicolae_grassy_gnolls, uniq_eustachio
D:5:      layout_basic, general_overflow_altar, minivault_1,
          nicolae_zen_rock_garden, uniq_grinder, uniq_menkaure
D:6:      layout_loops_cross, mainiacjoe_overflow_24_doors,
          portal_sewer_entry_d, chequers_big_river, minmay_chambers_of_fives
D:7:      layout_loops_corners, minmay_temple_entry_hall,
          ebering_ghost_rock_garden, kennysheep_windowed_goal
D:8:      layout_rooms, minmay_fountain_box
D:9:      layout_loops_ring, minmay_orc_keep, uniq_joseph
D:10:     minmay_cornered_nines, layout_long_grid, mainiacjoe_overflow_paths,
          lemuel_coloured_pillars_altar, erik_lair_island,
          hangedman_abyss_or_decor_jellyfish_corner, chequers_garden
D:11:     layout_roguey [special_room_bee], minmay_orc_entry_guard_dogs,
          nrook_guardian_serpent_double, uniq_erica, uniq_grum
D:12:     layout_roguey, portal_ice_cave_entry_ice_simulacra,
          lemuel_flamethrower_2
Temple:   nicolae_temple_superstar

Skill      XL: |  1  2  3  4  5  6  7  8  9 10 11 12 |
---------------+-------------------------------------+-----
Unarmed Combat | 3 4 5 6 7 8 10 | 10.0
Poison Magic   | 1 2 3 4 |  4.0
Transmutations | 3 5 8 |  8.0
Spellcasting   | 3 6 9 10 | 10.0
Invocations    | 1 |  1.5
Earth Magic    | 1 |  1.1
Ice Magic      | 1 |  1.0
Conjurations   | 1 |  1.0
Necromancy     | 1 |  1.0
Short Blades   | 1 |  1.0
Ranged Weapons | 1 |  1.0
Shields        | 1 |  1.0
Dodging        | 5 6 |  6.2
Fighting       | 3 4 |  4.5
Long Blades    | |  0.9
Axes           | |  0.9
Maces & Flails | |  0.9
Polearms       | |  0.7
Staves         | |  0.9
Throwing       | |  0.7
Hexes          | |  0.9
Summonings     | |  0.9
Translocations | |  0.7
Fire Magic     | |  0.8
Air Magic      | |  0.9

Action                   |  1- 3 |  4- 6 |  7- 9 | 10-12 || total
-------------------------+-------+-------+-------+-------++-------
Melee: Unarmed           |   128 |   178 |   296 |   462 ||  1064
       Kick              |    15 |    22 |    10 |       ||    47
       Headbutt          |    10 |    27 |    13 |     2 ||    52
       Punch             |     2 |     4 |       |     2 ||     8
       Tailslap          |       |       |    10 |     1 ||    11
       Touch             |       |       |       |     1 ||     1
 Cast: Beastly Appendage |    25 |    17 |     6 |       ||    48
       Wereblood         |       |     7 |     8 |    14 ||    29
       Spider Form       |       |     1 |    25 |    28 ||    54
       Ice Form          |       |       |     2 |    11 ||    13
Invok: Potion Petition   |       |       |       |     4 ||     4
Evoke: Wand              |       |     1 |     6 |     3 ||    10
  Use: Scroll            |     4 |     4 |    12 |     7 ||    27
       Potion            |     2 |     7 |     4 |     4 ||    17
 Stab: Sleeping          |     2 |     1 |       |       ||     3
       Distracted        |       |       |     1 |       ||     1
Armor: Robe              |    21 |    55 |    15 |       ||    91
       Skin              |     9 |     2 |    13 |    64 ||    88
       Leather armour    |       |       |    12 |     4 ||    16
Dodge: Dodged            |    74 |   132 |   214 |   392 ||   812

Table legend: (Time is in decaauts)
 A = Elapsed time spent in this place.
 B = Non-inter-level travel time spent in this place.
 C = Inter-level travel time spent in this place.
 D = Time resting spent in this place.
 E = Time spent auto-exploring this place.
 F = Levels seen in this place.
 G = Mean time per level.
                   A        B        C        D        E       F      G
               +--------+--------+--------+--------+--------+-----+--------+
         Total |  20920 |  20199 |    721 |   2449 |  14962 |  13 | 1609.2 |
       Dungeon |  20786 |  20106 |    680 |   2449 |  14888 |  12 | 1732.2 |
        Temple |    133 |     92 |     41 |      0 |     74 |   1 |  133.0 |
               +--------+--------+--------+--------+--------+-----+--------+

Top non-repeatable levels by time:
    D:10: 3647 daAuts
    D:11: 3075 daAuts
     D:6: 2430 daAuts
     D:7: 1930 daAuts
     D:5: 1915 daAuts
     D:1: 1599 daAuts
     D:9: 1555 daAuts
     D:4: 1463 daAuts
     D:2: 1111 daAuts
     D:3: 1022 daAuts
     D:8: 558 daAuts
    D:12: 477 daAuts
  Temple: 133 daAuts
